 Dungeon Crawl Stone Soup version 0.31.0-32-g396128a36d (webtiles) character file.

Game seed: 14639631976475001195

1663 boopmooplesden the Covered (level 8, -7/68 HPs)
             Began as an Armataur Fighter on Mar 21, 2024.
             Mangled by Pikel
             ... wielding a +2 whip of electrocution
              (16 damage)
             ... on level 7 of the Dungeon.
             The game lasted 00:07:25 (5867 turns).

boopmooplesden the Covered (Armataur Fighter)       Turns: 5867, Time: 00:07:27

Health: -7/68      AC: 16    Str: 24    XL:     8   Next: 69%
Magic:  8/8        EV:  5    Int:  8    God:
Gold:   375        SH:  5    Dex: 10    Spells: 7/7 levels left

rFire   . . .        a - +1 flail
rCold   . . .        c - +0 buckler
rNeg    . . .        A - +0 plate armour
rPois   +            (no helmet)
rElec   .            (no cloak)
rCorr   .            f - +0 pair of gloves
SInv    .            (no barding)
Will    .....        (no amulet) Stlth
                     h - ring of poison resistance
HPRegen 0.31/turn    n - +4 ring of protection
MPRegen 0.11/turn

%: roll
@: no status effects
A: large, deformed body, tough skin 3, armoured tail, roll 2
a: no special abilities


You were on level 7 of the Dungeon.
You visited 1 branch of the dungeon, and saw 7 of its levels.

You collected 375 gold pieces.

Inventory:

Hand Weapons
 a - a +1 flail (weapon)
 i - a +0 battleaxe
Missiles
 m - 5 javelins (quivered)
Armour
 b - a +0 scale mail
 c - a +0 buckler (worn)
 f - a +0 pair of gloves (worn)
 u - the +2 ring mail of the Turtle {rElec Str+2}
   (You found it on level 5 of the Dungeon)

   Str+2:     It affects your strength (+2).
   rElec:     It insulates you from electricity.
 A - a +0 plate armour (worn)
Jewellery
 h - a ring of poison resistance (left hand)
 n - a +4 ring of protection (right hand)
 w - a ring of wizardry
Talismans
 p - a flux talisman
Wands
 r - a wand of acid (18)
 x - a wand of charming (9)
Scrolls
 v - 2 scrolls of fog
 y - a scroll of amnesia
Potions
 d - a potion of brilliance
 e - a potion of attraction {unknown}
 g - 3 potions of haste
 j - 2 potions of mutation
 k - 2 potions of curing
 l - a potion of heal wounds
 o - a potion of degeneration {unknown}
 q - 3 potions of lignification
 s - a potion of might
 t - 2 potions of enlightenment {unknown}
 z - a potion of berserk rage


   Skills:
 + Level 5.1 Fighting
 + Level 6.5 Maces & Flails
 + Level 0.2 Throwing
 + Level 6.8 Armour
 + Level 2.8 Dodging
 + Level 0.4 Stealth
 + Level 5.0 Shields


You had 7 spell levels left.
You didn't know any spells.
Your spell library contained the following spells:

 Spells                   Type           Power      Damage    Failure   Level
 Apportation              Tloc           0%         N/A       100%        1
 Ensorcelled Hibernation  Hex/Ice        0%         N/A       100%        2
 Jinxbite                 Hex            0%         N/A       100%        2
 Inner Flame              Hex/Fire       0%         N/A       100%        3
 Passwall                 Erth           0%         N/A       100%        3
 Swiftness                Air            0%         N/A       100%        3
 Animate Armour           Summ/Erth      0%         N/A       100%        4
 Cause Fear               Hex            0%         N/A       100%        4
 Summon Lightning Spire   Summ/Air       0%         N/A       100%        4
 Alistair's Intoxication  Alch           0%         N/A       100%        5
 Fireball                 Conj/Fire      0%         3d3       100%        5
 Irradiate                Conj/Alch      0%         3d11      100%        5
 Lee's Rapid Deconstruct  Erth           0%         3d4*      100%        5
 Ignition                 Fire           0%         3d3       100%        8
 Dragon's Call            Summ           0%         N/A       100%        9


Dungeon Overview and Level Annotations

Branches:
Dungeon (7/15)             Temple (0/1) D:5

Altars:
Dithmenos
Ru
Wu Jian

Shops:
D:4 :   D:5 ?[

Annotations:
D:7 Pikel


Innate Abilities, Weirdness & Mutations

Armour fits poorly on your strangely shaped body.
You have extremely tough skin. (AC +3)
You have a long armoured tail.
You regenerate magic and health when rolling toward enemies. (Rampage Regen)


Message History

Pikel is wielding a +2 whip of electrocution.
Pikel shouts!
The lemure shouts! x2
There are monsters nearby!
There are monsters nearby!
You hit Pikel but do no damage.
Your tail-slap misses Pikel.
Pikel hits you but does no damage.
You hit Pikel but do no damage. Pikel hits you but does no damage.
You barely miss Pikel. Pikel barely misses you.
You hit Pikel but do no damage. You tail-slap Pikel.
Pikel is lightly wounded.
You block Pikel's attack. x2
You sock Pikel! You tail-slap Pikel!
Pikel is severely wounded.
Pikel barely misses you.
You closely miss Pikel.
Pikel is severely wounded.
Pikel hits you with a +2 whip of electrocution.
You are electrocuted!
You hit Pikel but do no damage. You tail-slap Pikel, but do no damage.
Pikel is severely wounded.
Pikel hits you with a +2 whip of electrocution.
You barely miss Pikel.
Pikel is severely wounded.
Pikel says, "I just want to get paid!"
Pikel hits you with a +2 whip of electrocution.
You miss Pikel.
Your tail-slap misses Pikel.
Pikel is severely wounded.
Pikel hits you but does no damage.
You are electrocuted!
You barely miss Pikel.
Pikel is severely wounded.
Pikel hits you with a +2 whip of electrocution.
You are electrocuted!
* * * LOW HITPOINT WARNING * * *
You closely miss Pikel.
Pikel is severely wounded.
Pikel hits you with a +2 whip of electrocution.
* * * LOW HITPOINT WARNING * * *
Pikel hits you but does no damage.
You are electrocuted!
You die...
Pikel says, "See you in Hell!"

.......#..###
.......#....#
.......#....#+#
.......#......####
##.....#........<# .
##.....#.........#
##..
#......'.........#
....
#......#.........#5.#
##.....###'##...@K55#
###'#####.†.+....#5.#
##.^...#....#....# ##
#?....#....#....#
.#.....#)...+....#
.#.....#....#....#
.#.....##...#....#
.#+########+#....#
........#


You could see Pikel and 4 lemures.

Vanquished Creatures
  A steam dragon (D:7)
  Menkaure (D:4)
  A water moccasin (D:5)
  A sky beast (D:6)
  2 black bears
  An ice beast (D:7)
  An ogre (D:6)
  A phantom (D:4)
  2 kobold brigands
  2 bullfrogs (D:6)
  A scorpion (D:4)
  A howler monkey (D:6)
  A bombardier beetle (D:4)
  2 hounds (D:5)
  A jelly (D:6)
  2 orc priests
  2 sleepcaps
  2 iguanas
  3 gnolls (D:6)
  5 adders
  4 ufetubi (D:6)
  3 dart slugs
  14 orcs
  9 ball pythons
  3 endoplasms
  3 giant cockroaches
  4 goblins
  5 hobgoblins
  13 kobolds
  5 quokkas
  3 bats
  3 frilled lizards
  6 rats
108 creatures vanquished.

Notes
Turn   | Place    | Note
-------+----------+-------------------------------------------
     0 | D:1      | boopmooplesden the Armataur Fighter began the quest for the
                  | Orb.
     0 | D:1      | Reached XP level 1. HP: 18/18 MP: 1/1
   183 | D:1      | Reached XP level 2. HP: 24/25 MP: 2/2
   843 | D:2      | Reached XP level 3. HP: 31/31 MP: 3/3
  1188 | D:2      | Found a faded altar of an unknown god.
  1345 | D:3      | Found a shadowy altar of Dithmenos.
  1724 | D:4      | Found a sacrificial altar of Ru.
  1824 | D:4      | Noticed Menkaure
  1824 | D:4      | Noticed a black bear
  1836 | D:4      | Killed a black bear
  1837 | D:4      | Reached XP level 4. HP: 17/38 MP: 4/4
  1838 | D:4      | Killed Menkaure
  1839 | D:4      | Reached skill level 1 in Dodging
  1839 | D:4      | Reached XP level 5. HP: 21/45 MP: 5/5
  2212 | D:4      | Reached XP level 6. HP: 35/51 MP: 6/6
  2400 | D:4      | Reached skill level 5 in Armour
  2616 | D:4      | Found Orupt's Tremendous Tomes.
  2639 | D:4      | Identified the +12 hand axe of Theory {freeze, Fly rC+
                  | Int+3}
  3161 | D:5      | Entered Level 5 of the Dungeon
  3178 | D:5      | Identified the +2 ring mail of the Turtle {rElec Str+2}
  3225 | D:5      | Gained mutation: You regenerate magic and health when
                  | rolling toward enemies. (Rampage Regen) [Armataur growth]
  3225 | D:5      | Reached XP level 7. HP: 54/59 MP: 7/7
  3425 | D:5      | Found Sas Geott's Magic Scroll Boutique.
  3652 | D:5      | Found a staircase to the Ecumenical Temple.
  3827 | D:5      | Reached skill level 5 in Maces & Flails
  4167 | D:5      | Found Rotunn's Armour Boutique.
  4727 | D:6      | HP: 1/59 [poisoned by an orc]
  4735 | D:6      | Reached XP level 8. HP: 6/64 MP: 8/8
  5661 | D:7      | Reached skill level 5 in Fighting
  5686 | D:7      | Found an ornate altar of the Wu Jian Council.
  5748 | D:7      | Reached skill level 5 in Shields
  5856 | D:7      | Noticed Pikel
  5867 | D:7      | Mangled by Pikel

Illustrated notes

Levels and vault maps discovered:
D:1:      psy_arrival_statuary, layout_basic, minmay_pentomino_q4
D:2:      layout_basic, basic_ecumenical_altar, kennysheep_big_empty_room
D:3:      layout_basic, mainiacjoe_overflow_boulevard, hex_intersection
D:4:      layout_basic, mainiacjoe_overflow_24_doors,
          nicolae_shop_i_like_big_books, lemuel_flame_loot_1, uniq_menkaure
D:5:      layout_loops_corners, minmay_temple_entry_grid, serial_shops, shop,
          nicolae_shop_tiny_waterfront
D:6:      layout_rooms, hex_medium
D:7:      layout_gridville, mainiacjoe_overflow_concentric_impassable,
          serial_shops, nicolae_shop_hallway_plus, kb_lookout_dungeons_type,
          uniq_pikel, uniq_jeremiah, uniq_maurice

Skill      XL: |  1  2  3  4  5  6  7  8 |
---------------+-------------------------+-----
Maces & Flails | 2 3 4 5 6 |  6.5
Fighting       | 3 4 5 |  5.1
Armour         | 4 5 6 |  6.8
Dodging        | 1 2 |  2.8
Shields        | 4 5 |  5.0
Throwing       | |  0.2
Stealth        | |  0.4

Action                     |  1- 3 |  4- 6 |  7- 9 || total
---------------------------+-------+-------+-------++-------
  Melee: Flail             |   116 |    73 |   216 ||   405
         Tailslap          |     7 |     7 |    24 ||    38
  Throw: Javelin           |       |       |     2 ||     2
    Use: Scroll            |     7 |       |    11 ||    18
         Potion            |     2 |       |     3 ||     5
 Armour: Scale mail        |    91 |    53 |       ||   144
         Ring mail         |       |     7 |   253 ||   260
         Plate armour      |       |       |     9 ||     9
  Dodge: Dodged            |    48 |    28 |   121 ||   197
  Block: Buckler           |    23 |    10 |    53 ||    86
